 Dungeon Crawl Stone Soup version 0.27.0-1-g7a089689b8 (webtiles) character file.

Game seed: 4646575904612399477

113000 spicyOOTC the Bewitcher (level 14, -9/68 HPs)
             Began as a Spriggan Artificer on July 31, 2021.
             Was the Champion of Ru.
             Shot with an arrow by Vashnia (41 damage)
             ... on level 2 of the Snake Pit on Aug 11, 2021.
             The game lasted 06:07:20 (48906 turns).

spicyOOTC the Bewitcher (Spriggan Artificer)       Turns: 48906, Time: 06:07:20

Health: -9/68      AC: 11    Str: 14    XL:     14   Next: 13%
Magic:  24/29      EV: 33    Int: 19    God:    Ru [******]
Gold:   47         SH:  0    Dex: 30    Spells: 8/33 levels left

rFire    + . .     SeeInvis +   F - +7 rapier "Huing" {vorpal, rF+ Dex+4}
rCold    . . .     Faith    .   (shield unavailable)
rNeg     . . .     Spirit   .   u - +4 robe of Augmentation {Str+4 Int+4 Dex+4}
rPois    .         Reflect  .   (helmet restricted)
rElec    .         Harm     .   b - +0 cloak of Salvation {Dex+6 Stlth+}
rCorr    .         Rampage  .   (gloves unavailable)
Will     ++...                  (boots unavailable)
Stlth    +++++++...             B - amulet of regeneration
HPRegen  1.21/turn              (ring unavailable)
MPRegen  0.21/turn              q - +4 ring of protection

@: exhausted, very quick
A: very small, no large weapons, unfitting armour, see invisible, clumsy 1,
speed 3, missing a hand, inability to train armour, inexperienced 1, strong 1
a: Renounce Religion, Draw Out Power, Power Leap, Apocalypse


You were on level 2 of the Snake Pit.
You worshipped Ru.
Ru was exalted by your worship.
You visited 5 branches of the dungeon, and saw 26 of its levels.
You also visited: Gauntlet.

You collected 2075 gold pieces.
You spent 2028 gold pieces at shops.

Inventory:

Hand Weapons
 a - a +3 hunting sling of freezing
   (You found it on level 3 of the Lair of Beasts)
 F - the +7 rapier "Huing" (weapon) {vorpal, rF+ Dex+4}
   (You acquired it on level 14 of the Dungeon)

   It inflicts extra damage upon your enemies.
   Dex:       It affects your dexterity (+4).
   rF:        It protects you from fire.
Missiles
 i - 493 stones
 r - 4 throwing nets {!d !f =f}
 y - 121 sling bullets
 A - 125 poisoned darts (quivered)
Armour
 b - the +0 cloak of Salvation (worn) {Dex+6 Stlth+}
   (You found it in a Gauntlet)

   Dex:       It affects your dexterity (+6).
   Stlth:     It makes you more stealthy.
 u - the +4 robe of Augmentation (worn) {Str+4 Int+4 Dex+4}
   (You found it in a Gauntlet)

   Str:       It affects your strength (+4).
   Int:       It affects your intelligence (+4).
   Dex:       It affects your dexterity (+4).
 D - a +2 robe of willpower
   (You took it off Pikel on level 7 of the Dungeon)
 O - a +1 cloak of willpower
   (You took it off Maurice on level 10 of the Dungeon)
 P - the +1 steam dragon scales of Infinity {*Slow rElec rN+ Will+}
   (You bought it in a shop on level 2 of the Orcish Mines)

   rElec:     It insulates you from electricity.
   rN:        It protects you from negative energy.
   *Slow:     It may slow you when you take damage.
   Will:      It increases your willpower.
 Y - a scarf of resistance
   (You bought it in a shop on level 14 of the Dungeon)
 Z - +0 acid dragon scales
   (You found it on level 14 of the Dungeon)
Jewellery
 d - a +6 ring of intelligence
   (You found it in a Gauntlet)
 q - a +4 ring of protection (right hand)
   (You took it off a gnoll on level 6 of the Dungeon)
 B - an amulet of regeneration (around neck)
   (You found it on level 9 of the Dungeon)
 U - a ring of willpower
   (You found it on level 3 of the Lair of Beasts)
Wands
 c - a wand of digging (9)
   (You found it on level 8 of the Dungeon)
 w - a wand of flame (12)
   (You found it on level 9 of the Dungeon)
 E - a wand of polymorph (26)
   (You found it on level 8 of the Dungeon)
 J - a wand of charming (2)
   (You found it on level 10 of the Dungeon)
 L - a wand of mindburst (5)
   (You found it on level 1 of the Lair of Beasts)
Scrolls
 j - 3 scrolls of teleportation {@r4}
 o - 4 scrolls of fear
 v - 6 scrolls of identify {@r1}
 H - 5 scrolls of blinking {!r}
 K - 2 scrolls of enchant armour
 M - 2 scrolls of vulnerability {!r}
 S - 4 scrolls of immolation
Potions
 f - 3 potions of haste {@q3}
 h - 6 potions of brilliance
 k - 2 potions of magic
 m - a potion of might
 n - a potion of cancellation
 p - 2 potions of berserk rage {!q}
 s - 3 potions of resistance
 z - 5 potions of ambrosia
 I - 9 potions of curing {@q1}
 N - 4 potions of invisibility
 Q - 5 potions of attraction
 X - 3 potions of lignification
Miscellaneous
 e - a piece from Xom's chessboard (15/15)
 l - a condenser vane (inert)
   (You found it in a Gauntlet)
 G - a tin of tremorstones (2/2)
   (You found it in a Gauntlet)
 T - a lightning rod (inert)
   (You found it on level 4 of the Lair of Beasts)


   Skills:
 - Level 5.0 Fighting
 + Level 13.5 Short Blades
 - Level 2.0 Maces & Flails
 - Level 9.9(10.0) Slings
 - Level 1.1(5.3) Throwing
 - Level 12.0 Dodging
 - Level 13.6 Stealth
 - Level 10.0 Spellcasting
 - Level 16.0 Hexes
 - Level 1.0 Summonings
 - Level 1.0 Necromancy
 - Level 6.0 Translocations
 - Level 5.0 Transmutations
 - Level 2.1 Ice Magic
 - Level 2.0 Earth Magic
 - Level 10.0 Evocations


You had 8 spell levels left.
You knew the following spells:

 Your Spells              Type           Power      Damage    Failure   Level
a - Freeze                Ice            68%        1d8       3%          1
b - Animate Skeleton      Necr           26%        N/A       4%          1
c - Slow                  Hex            63%        N/A       0%          2
d - Confusing Touch       Hex            63%        N/A       1%          3
e - Cause Fear            Hex            31%        N/A       1%          4
f - Leda's Liquefaction   Hex/Erth       21%        N/A       1%          4
v - Passwall              Tmut/Erth      18%        N/A       2%          2
B - Blink                 Tloc           N/A        N/A       1%          2
I - Invisibility          Hex            31%        N/A       1%          6

Your spell library contained the following spells:

 Spells                   Type           Power      Damage    Failure   Level
 Corona                   Hex            70%        N/A       0%          1
 Gell's Gravitas          Tloc           16%        N/A       1%          3
 Lesser Beckoning         Tloc           16%        N/A       1%          3
 Portal Projectile        Hex/Tloc       100%       N/A       1%          3
 Teleport Other           Tloc           32%        N/A       1%          3
 Yara's Violent Unravell  Hex/Tmut       24%        3d11      2%          5
 Summon Small Mammal      Summ           52%        N/A       4%          1
 Summon Mana Viper        Hex/Summ       41%        N/A       6%          5
 Magic Dart               Conj           36%        1d4       8%          1
 Call Imp                 Summ           13%        N/A       8%          2
 Frozen Ramparts          Ice            34%        1d5       9%          3
 Ozocubu's Armour         Ice            17%        N/A       9%          3
 Ignite Poison            Fire/Tmut/Pois 15%        N/A       12%         3
 Call Canine Familiar     Summ           13%        N/A       14%         3
 Ice Form                 Ice/Tmut       23%        N/A       17%         4
 Manifold Assault         Tloc           32%        N/A       17%         5
 Conjure Flame            Conj/Fire      9%         6-21      22%         3
 Mephitic Cloud           Conj/Pois/Air  9%         N/A       22%         3
 Swiftness                Air            9%         N/A       22%         3
 Summon Ice Beast         Ice/Summ       15%        N/A       36%         4
 Hailstorm                Conj/Ice       13%        3d5       43%         4
 Summon Forest            Summ/Tloc      11%        N/A       43%         5
 Sticky Flame             Conj/Fire      9%         2d3       58%         4
 Eringya's Noxious Bog    Tmut/Pois      9%         N/A       99%         6
 Shadow Creatures         Summ           N/A        N/A       100%        6
 Dragon Form              Tmut           14%        N/A       100%        7
 Ozocubu's Refrigeration  Ice            8%         4d6       100%        7
 Summon Hydra             Summ           6%         N/A       100%        7
 Dragon's Call            Summ           6%         N/A       100%        9


Dungeon Overview and Level Annotations

Branches:
Dungeon (15/15)            Temple (1/1) D:5            Lair (6/6) D:10
 Shoals (0/4) Lair:4        Snake (2/4) Lair:3        Slime (0/5) Lair:6
    Orc (2/2) D:9             Elf (0/3) Orc:2        Vaults (0/5) D:14
 Depths (0/5) D:15        Gauntlet (visited)

Altars:
Ashenzari
Cheibriados
Dithmenos
Elyvilon
Fedhas
Gozag
Hepliaklqana
Kikubaaqudgha
Makhleb
Nemelex Xobeh
Okawaru
Qazlal
Ru
Sif Muna
Trog
Uskayaw
Vehumet
Wu Jian
Xom
Yredelemnul
Zin
The Shining One
Beogh
Jiyva

Shops:
D:14 [   Orc:2 ([=*

Annotations:
D:8 exclusions: 2 lava snakes and orange crystal statue
D:11 exclusion: 2 meliai
Snake:1 Asterion
Snake:2 Vashnia


Innate Abilities, Weirdness & Mutations

You are very small and have problems with some larger weapons.
You are too small for most types of armour.
You have supernaturally acute eyesight. (SInv)
You are clumsy. (Dex -2)
You cover ground extremely quickly. (Speed+++)
You are missing a hand.
You cannot train Armour skill.
You are somewhat inexperienced. (-2 XL)
Your muscles are strong. (Str +2)


Message History

The bolt misses you.
Aiming: Throw Flame
Press: ? - help, Shift-Dir - straight line, f - naga sharpshooter
Aim: a naga sharpshooter, wielding a +0 arbalest, wearing a +0 robe and quivering bolts (flame, heavily wounded, 78% to hit)
The puff of flame hits the naga sharpshooter.
The naga sharpshooter is heavily wounded.
The naga sharpshooter is engulfed in blazing flames.
The naga sharpshooter is stunned by your conviction and fails to attack.
You closely miss the naga sharpshooter.
The naga sharpshooter is severely wounded.
The naga sharpshooter is engulfed in blazing flames.
The naga sharpshooter gestures wildly while chanting.
The naga sharpshooter magically shoots a bolt.
The bolt hits you!
Vashnia is engulfed in blazing flames.
You hit the naga sharpshooter.
The naga sharpshooter is almost dead.
You feel less exhausted.
You hit the naga sharpshooter.
The naga sharpshooter is almost dead.
The ground is no longer liquid beneath you.
The naga sharpshooter is engulfed in blazing flames.
You kill the naga sharpshooter!
Your life force feels restored.
Aiming: Mindburst
Press: ? - help, Shift-Dir - straight line, f - Vashnia
Aim: Vashnia, wielding a +0 longbow, wearing a +2 barding of fire resistance and quivering arrows (flame, heavily wounded, chance to affect: 17%) Vashnia resists with almost no effort.
Vashnia is engulfed in blazing flames.
Vashnia is stunned by your conviction and fails to attack.
Vashnia blinks!
Unknown command.
Your +3 hunting sling of freezing is covered in frost.
a - a +3 hunting sling of freezing (weapon)
You are too injured to fight recklessly!
Fire: 123 sling bullets
Press: ? - help, Q - select action, (/) - cycle Shift-Dir - straight line, f/p - Vashnia
Aim: Vashnia, wielding a +0 longbow, wearing a +2 barding of fire resistance and quivering arrows (flame, heavily wounded, 57% to hit)
You shoot a sling bullet. The sling bullet misses Vashnia.
Fire: 122 sling bullets
Press: ? - help, Q - select action, (/) - cycle Shift-Dir - straight line, f/p - Vashnia
Aim: Vashnia, wielding a +0 longbow, wearing a +2 barding of fire resistance and quivering arrows (flame, heavily wounded, 57% to hit)
You shoot a sling bullet. The sling bullet hits Vashnia.
The sling bullet freezes Vashnia.
Vashnia is heavily wounded.
Okay, then.
Casting: Confusing Touch (safe; 1% risk of failure)
Confirm with . or Enter, or press ? or * to list all spells.
Aiming: Freeze (safe; 3% risk of failure)
Press: ? - help, Shift-Dir - straight line, f/p - Vashnia
Aim: Vashnia, wielding a +0 longbow, wearing a +2 barding of fire resistance and quivering arrows (flame, heavily wounded)
You freeze Vashnia!
Vashnia is severely wounded.
A black mamba comes into view.
Vashnia is engulfed in blazing flames.
Vashnia blinks!
Okay, then.
Okay, then.
Aiming: Power Leap
Press: ? - help, Dir - move target, p - Vashnia
Okay, then.
The black mamba hisses angrily.
Vashnia spits poison at you. The splash of poison misses you.
Aiming: Power Leap
Press: ? - help, Dir - move target, p - Vashnia Vashnia shoots an arrow.
The arrow hits you!!
* * * LOW HITPOINT WARNING * * *
Really attack while wielding your +3 hunting sling of freezing?
Okay, then.
Your +3 hunting sling of freezing stops glowing.
You feel agile.
F - the +7 rapier "Huing" (weapon)
{vorpal, rF+ Dex+4} You barely miss Vashnia.
Vashnia is almost dead.
The black mamba closely misses you.
Vashnia gestures wildly while chanting.
Vashnia magically shoots an arrow.
The arrow completely misses you.
You closely miss Vashnia.
Vashnia is almost dead.
The black mamba is stunned by your conviction and fails to attack.
You puncture Vashnia!
Vashnia is almost dead.
You redirect the black mamba's attack!
The black mamba barely misses itself.
You redirect Vashnia's attack!
Vashnia shoots an arrow.
The arrow completely misses you.
The arrow misses the black mamba.
You hit Vashnia.
Vashnia is almost dead.
The black mamba completely misses you.
You barely miss Vashnia.
Vashnia is almost dead.
The black mamba completely misses you.
Vashnia blinks!
Aiming: Throw Flame
Press: ? - help, Shift-Dir - straight line, f - Vashnia
Aim: Vashnia, wielding a +0 longbow, wearing a +2 barding of fire resistance and quivering arrows (almost dead, 58% to hit)
The puff of flame hits Vashnia.
Vashnia resists.
Vashnia is almost dead.
The black mamba completely misses you.
Vashnia shoots an arrow.
The arrow hits you!!!
Ouch! That really hurt!
You die...

*,,,,,,,,,*,,,,,,*
*,,,*,*,,,,,,,,,**
*,***,*,*,**,,,,*
,,*,,,*,**,***,,*
,**..░░..*,,,**,*
**,,.░...**,,,,,* ░░░
,,,,,.N..,*,,,░░░░░░.░
,***░░...,*,░░░...░..░ ***
░....,░░░..S@§░░.░░░░░░ ,,*
*,...,░?.......░.░░...░
*****,*░)░░...............░
,,,,,,,░)(§N).......░░░...░
,,,,,,,░░░░░.░░░░░░░░░...░░
,,,,****,,.....,,* ░...░
,,,,,,,,,......░** ░░..░**
,,,,**,░.......░ ░...,*
,,,**,,░░..░░░░░ **░....**


You could see Vashnia and a black mamba.

Vanquished Creatures
  Saint Roka (Orc:2)
  Rupert (Lair:4)
  An orc warlord (Orc:2)
  Louise (D:14)
  A quicksilver ooze (Lair:4)
  2 very ugly things (D:15)
  A dire elephant (Lair:5)
  Nessos (D:15)
  A minotaur (Gauntlet)
  The ghost of Aricsoirch the Bludgeoner, a journeyman GrFi of Okawaru (Lair:4)
  Snorg (Lair:4)
  Josephine (D:14)
  A great orb of eyes (D:15)
  Harold (Lair:2)
  2 boulder beetles
  A naga warrior (Snake:1)
  A catoblepas (Lair:6)
  Erolcha (D:12)
  3 hydras
  3 centaur warriors
  An ogre mage (D:13)
  4 two-headed ogres
  3 death knights
  A deep troll shaman (Lair:6)
  2 tengu warriors
  3 death yaks (Lair:6)
  2 orc high priests (Orc:2)
  Urug (D:12)
  5 naga sharpshooters (Snake:2)
  The ghost of RubberyChicken the Cleaver, a novice MiFi of Nemelex Xobeh (D:8)
  A skeletal warrior (D:15)
  Pikel (D:7)
  A wizard (D:14)
  6 orc knights
  2 deep elf pyromancers
  A necromancer (Lair:4)
  17 ugly things
  3 mana vipers (Snake:1)
  4 orc sorcerers
  2 oklob plants (Lair:1)
  8 elephants
  Maurice (D:10)
  5 cyclopes
  A black mamba (shapeshifter) (D:15)
  2 guardian serpents (Snake:1)
  A guardian serpent (shapeshifter) (D:14)
  12 black mambas
  A naga mage (Snake:1)
  14 cane toads
  2 unseen horrors (D:10)
  3 rime drakes
  A gargoyle (D:13)
  9 komodo dragons
  2 efreet
  2 freezing wraiths (D:15)
  2 tengu conjurers
  9 yaktaurs (D:15)
  A queen bee (Lair:2)
  4 polar bears
  44 yaks
  9 trolls
  Grinder (D:5)
  A hornet (D:9)
  22 slime creatures
  11 blink frogs
  2 dream sheep (Lair:5)
  A centaur simulacrum (D:14)
  6 shadows (Gauntlet)
  6 wraiths
  2 vampires
  5 wyverns
  A fire elemental (Gauntlet)
  A golden eye (D:9)
  3 basilisks
  2 vampire mosquitoes (D:13)
  2 wargs
  3 nagas (Snake:1)
  6 acid dragons
  3 hell hounds (Gauntlet)
  28 water moccasins
  4 black bears
  31 orc warriors
  A sky beast (D:5)
  An ice beast (D:4)
  A hornet zombie (D:8)
  2 necrophages
  3 boggarts (D:15)
  10 ogres
  21 wolves
  3 lemures (D:7)
  11 centaurs
  3 kobold brigands
  7 bullfrogs
  2 gnoll sergeants (D:9)
  5 scorpions
  2 wyvern zombies
  2 water moccasin skeletons
  24 killer bees
  5 wights (D:7)
  9 howler monkeys
  2 electric eels (Lair:1)
  A centaur zombie (D:6)
  A bullfrog zombie (D:5)
  4 hounds
  6 jellies
  A bullfrog skeleton (D:7)
  22 orc priests
  2 centaur skeletons (D:7)
  An iron imp (D:12)
  An iguana (D:3)
  4 hell rats (Lair:6)
  Natasha (thrice) (D:3)
  32 orc wizards
  5 polar bear simulacra (Lair:4)
  2 yak simulacra (Lair:4)
  2 wolf simulacra (Lair:4)
  A killer bee zombie (D:8)
  3 howler monkey zombies
  A howler monkey skeleton (D:7)
  10 gnolls
  10 adders
  A white imp (D:8)
  An ufetubus (D:5)
  5 worms
  4 dart slugs
  86 orcs
  5 bats
  11 endoplasms
  3 giant cockroaches
  16 goblins
  6 hobgoblins
  10 jackals
  16 kobolds
  7 ball pythons
  A frilled lizard (D:2)
  7 rats
  A river rat simulacrum (Lair:4)
767 creatures vanquished.

Vanquished Creatures (collateral kills)
  A cane toad (Lair:1)
  A black mamba (Lair:6)
  A komodo dragon (Lair:1)
  2 dream sheep (Lair:5)
  4 yaks
  2 water moccasins (Lair:6)
  An orc warrior (Orc:2)
  A black bear (D:5)
  A wolf (Lair:6)
  A killer bee (Lair:2)
  A jelly (Lair:6)
  An orc priest (D:9)
  An orc wizard (D:9)
  3 orcs
21 creatures vanquished.

Vanquished Creatures (others)
  A troll (D:9)
  A blink frog (Lair:6)
  An ogre (D:7)
  A lemure (D:7)
  2 hell rats (Lair:6)
  3 orcs
  103 fungi
  126 plants
  2 withered plants (D:8)
240 creatures vanquished.

Grand Total: 1028 creatures vanquished

Notes
Turn   | Place    | Note
-------+----------+-------------------------------------------
     0 | D:1      | spicyOOTC the Spriggan Artificer began the quest for the
                  | Orb.
     0 | D:1      | Reached XP level 1. HP: 9/9 MP: 2/2
   298 | D:1      | Reached XP level 2. HP: 14/14 MP: 3/3
   579 | D:1      | Reached skill level 1 in Fighting
   579 | D:1      | Reached skill level 2 in Stealth
   615 | D:1      | Learned a level 1 spell: Freeze
   631 | D:1      | HP: 1/14 [goblin (5)]
  1738 | D:1      | Reached skill level 1 in Spellcasting
  2275 | D:2      | Reached XP level 3. HP: 12/18 MP: 2/5
  2535 | D:2      | Reached skill level 1 in Short Blades
  2944 | D:2      | Reached skill level 1 in Ice Magic
  3459 | D:2      | Reached skill level 3 in Stealth
  3807 | D:2      | Reached skill level 2 in Spellcasting
  3807 | D:2      | Reached XP level 4. HP: 20/22 MP: 5/8
  5868 | D:3      | Reached skill level 4 in Stealth
  5868 | D:3      | Reached XP level 5. HP: 17/25 MP: 8/10
  6209 | D:3      | Reached skill level 1 in Throwing
  6634 | D:3      | Noticed Natasha
  6664 | D:3      | Killed Natasha
  6665 | D:3      | Reached skill level 2 in Short Blades
  6874 | D:3      | Reached skill level 2 in Ice Magic
  6899 | D:3      | Reached skill level 3 in Spellcasting
  7220 | D:3      | Noticed Natasha
  7956 | D:4      | Reached XP level 6. HP: 30/30 MP: 10/12
  8074 | D:4      | Reached skill level 1 in Slings
  8074 | D:4      | Reached skill level 4 in Dodging
  8188 | D:3      | HP: 5/30 [Natasha (5)]
  8189 | D:3      | Killed Natasha
  8538 | D:3      | Reached skill level 5 in Stealth
  8653 | D:3      | Noticed Natasha
  8669 | D:3      | Killed Natasha
  8917 | D:4      | Reached skill level 2 in Slings
  8917 | D:4      | Reached skill level 4 in Spellcasting
  9208 | D:4      | Reached XP level 7. HP: 33/33 MP: 14/14
  9462 | D:5      | Entered Level 5 of the Dungeon
  9742 | D:4      | Reached skill level 1 in Shields
 10140 | D:5      | Found a staircase to the Ecumenical Temple.
 10149 | Temple   | Entered the Ecumenical Temple
 10292 | Temple   | Became a worshipper of Ru the Awakened
 10505 | Temple   | Reached skill level 3 in Slings
 10877 | D:4      | HP: 7/31 [scorpion (8)]
 10893 | D:4      | Reached skill level 4 in Slings
 10893 | D:4      | Reached skill level 2 in Shields
 11654 | D:5      | HP: 8/33 [poisoned by a water moccasin]
 11659 | D:5      | HP: 5/33 [poisoned by a water moccasin]
 12197 | D:5      | Reached skill level 5 in Dodging
 12283 | D:5      | Reached XP level 8. HP: 37/37 MP: 15/15
 12359 | D:5      | Reached skill level 5 in Slings
 12393 | D:5      | Reached skill level 3 in Shields
 12667 | D:5      | Noticed Grinder
 12684 | D:5      | Killed Grinder
 12752 | D:5      | Got Elolelen's First Steps in Witchcraft
 12755 | D:5      | Learned a level 1 spell: Animate Skeleton
 12870 | D:5      | Reached skill level 1 in Maces & Flails
 13254 | D:6      | Reached skill level 6 in Dodging
 13485 | D:6      | Reached skill level 6 in Slings
 14165 | D:6      | Reached skill level 2 in Maces & Flails
 14632 | D:6      | Gained mutation: You cannot train Armour skill. [Ru
                  | sacrifice]
 14632 | D:6      | Reached * piety under Ru
 14987 | D:7      | Noticed a two-headed ogre
 15107 | D:7      | Reached skill level 7 in Dodging
 15169 | D:7      | Reached skill level 4 in Shields
 15169 | D:7      | Reached XP level 9. HP: 41/41 MP: 16/16
 15578 | D:7      | Learned a level 2 spell: Slow
 15677 | D:7      | Reached skill level 7 in Slings
 15976 | D:7      | Reached skill level 1 in Hexes
 16022 | D:7      | Noticed Pikel
 16887 | D:7      | Reached skill level 2 in Hexes
 16947 | D:7      | Found a white marble altar of Elyvilon.
 16947 | D:7      | Found a snail-covered altar of Cheibriados.
 16954 | D:7      | Found a glowing silver altar of Zin.
 16956 | D:7      | Found a shimmering blue altar of Sif Muna.
 16958 | D:7      | Found a blossoming altar of Fedhas.
 17561 | D:7      | Killed Pikel
 17562 | D:7      | Reached skill level 8 in Dodging
 17562 | D:7      | Reached skill level 5 in Spellcasting
 17562 | D:7      | Reached skill level 1 in Summonings
 17562 | D:7      | Reached skill level 1 in Necromancy
 17943 | D:8      | Upgraded the game from 0.27.0 to 0.27.0-1-g7a089689b8
 17957 | D:8      | Reached skill level 3 in Hexes
 18323 | D:8      | Found a runed translucent door.
 18323 | D:8      | Noticed RubberyChicken's ghost (novice MiFi)
 18581 | D:8      | Noticed a tengu conjurer
 18612 | D:8      | Reached skill level 8 in Slings
 18825 | D:8      | You are sucked into a shaft and drop 2 floors!
 18825 | D:10     | Entered Level 10 of the Dungeon
 18988 | D:10     | Reached XP level 10. HP: 32/45 MP: 19/19
 19000 | D:10     | Reached skill level 4 in Hexes
 19004 | D:10     | Reached skill level 5 in Shields
 19270 | D:10     | Reached skill level 6 in Spellcasting
 19406 | D:10     | Reached skill level 9 in Dodging
 19510 | D:9      | HP: 10/45 [orc wizard/puff of flame (8)]
 19544 | D:9      | HP: 3/45 [centaur/arrow (11)]
 19975 | D:8      | Noticed an orange crystal statue
 20165 | D:8      | Noticed a tengu warrior
 20234 | D:8      | Learned a level 3 spell: Confusing Touch
 20830 | D:9      | Found a staircase to the Orcish Mines.
 20885 | D:9      | Noticed a two-headed ogre
 20927 | D:9      | Reached skill level 5 in Hexes
 20930 | D:9      | Killed a two-headed ogre
 20931 | D:9      | Reached skill level 9 in Slings
 21226 | D:9      | Got the Tome of the Dozen Allies
 21695 | D:9      | Reached skill level 3 in Short Blades
 21695 | D:9      | Reached skill level 7 in Spellcasting
 21858 | D:9      | Found a hazy altar of Hepliaklqana.
 22491 | D:9      | Reached skill level 6 in Hexes
 22609 | D:8      | Gained mutation: You are somewhat inexperienced. (-2 XL)
                  | [Ru sacrifice]
 22609 | D:8      | Reached XP level 9. HP: 41/41 MP: 20/20
 22609 | D:8      | Reached XP level 8. HP: 37/37 MP: 19/19
 22609 | D:8      | Reached ** piety under Ru
 22609 | D:8      | Reached *** piety under Ru
 22823 | D:10     | Reached skill level 10 in Dodging
 22823 | D:10     | Reached XP level 9. HP: 41/41 MP: 16/20
 22865 | D:10     | Reached skill level 4 in Short Blades
 23071 | D:10     | Noticed Maurice
 23255 | D:10     | Reached skill level 6 in Shields
 24156 | D:10     | Found a staircase to the Lair.
 24191 | Lair:1   | Entered Level 1 of the Lair of Beasts
 24432 | Lair:1   | HP: 10/41 [electric eel/bolt of electricity (19)]
 24461 | Lair:1   | Reached skill level 5 in Short Blades
 24461 | Lair:1   | Reached skill level 7 in Hexes
 25073 | Lair:1   | Noticed an oklob plant
 25394 | Lair:2   | Found a shimmering blue altar of Sif Muna.
 25548 | Lair:2   | Reached skill level 5 in Evocations
 25833 | Lair:2   | Noticed Harold
 25976 | Lair:2   | Killed Harold
 25977 | Lair:2   | Reached skill level 6 in Short Blades
 25977 | Lair:2   | Reached skill level 8 in Hexes
 25977 | Lair:2   | Reached skill level 6 in Evocations
 26858 | Lair:2   | Reached skill level 7 in Shields
 27120 | Lair:2   | Gained mutation: You are missing a hand. [Ru sacrifice]
 27120 | Lair:2   | Reduced skill Shields to level 0
 27120 | Lair:2   | Reached **** piety under Ru
 27120 | Lair:2   | Reached ***** piety under Ru
 27240 | Lair:2   | Reached skill level 7 in Short Blades
 27747 | Lair:2   | Reached skill level 6 in Stealth
 27752 | Lair:2   | Reached XP level 10. HP: 45/45 MP: 18/21
 28240 | Lair:3   | You fall into a shaft and drop 2 floors!
 28346 | Lair:4   | Noticed an eight-headed hydra
 28446 | Lair:3   | Reached skill level 7 in Stealth
 28701 | Lair:3   | Reached skill level 8 in Short Blades
 28813 | Lair:3   | Found a staircase to the Snake Pit.
 28962 | Lair:3   | Reached skill level 8 in Stealth
 29115 | Lair:3   | Identified the +1 quarterstaff of Cobwebs {freeze, rElec
                  | rF- Str+4 Int+3}
 29318 | Lair:3   | Reached skill level 9 in Short Blades
 29614 | Lair:4   | Noticed Snorg
 29800 | Lair:4   | Noticed Rupert
 29943 | Lair:4   | Found a staircase to the Shoals.
 30159 | Lair:4   | Learned a level 4 spell: Cause Fear
 30189 | Lair:4   | Killed Snorg
 30302 | Lair:4   | Killed an eight-headed hydra
 30303 | Lair:4   | Reached skill level 9 in Stealth
 30303 | Lair:4   | Reached skill level 7 in Evocations
 30581 | Lair:4   | Found a runed translucent gate.
 30582 | Lair:4   | Found a runed translucent gate.
 30583 | Lair:4   | Found a runed translucent gate.
 30751 | Lair:4   | Killed Rupert
 30752 | Lair:4   | Reached skill level 10 in Stealth
 30752 | Lair:4   | Reached skill level 9 in Hexes
 30752 | Lair:4   | Reached skill level 8 in Evocations
 30962 | Lair:4   | Reached skill level 10 in Hexes
 31405 | Lair:5   | Reached skill level 10 in Short Blades
 31947 | Lair:5   | Reached XP level 11. HP: 49/49 MP: 6/22
 32051 | Lair:5   | HP: 5/49 [boulder beetle (26)]
 32411 | Lair:5   | Reached skill level 11 in Short Blades
 33362 | Lair:6   | Entered Level 6 of the Lair of Beasts
 34122 | Lair:6   | Reached skill level 2 in Fighting
 34867 | Lair:6   | Reached skill level 11 in Stealth
 35394 | Lair:6   | Identified the +7 long sword "Hydraslayer" {freeze, rN+++
                  | Str+8 Int-2}
 35421 | Lair:6   | Reached skill level 3 in Fighting
 35424 | Lair:6   | Learned a level 2 spell: Passwall
 35555 | Lair:6   | Reached skill level 12 in Short Blades
 35802 | Lair:6   | Reached skill level 1 in Transmutations
 35951 | Lair:6   | Found a staircase to the Slime Pits.
 36245 | Lair:6   | Reached skill level 2 in Transmutations
 36296 | Lair:6   | Reached skill level 11 in Hexes
 36631 | Lair:6   | Noticed a dire elephant
 36851 | Lair:5   | Killed a dire elephant
 36852 | Lair:5   | Reached skill level 12 in Stealth
 37096 | Lair:6   | Identified the +0 chain mail of the Depths {rF+ Str-5
                  | Int+3}
 37157 | Lair:6   | Reached skill level 4 in Fighting
 37256 | Lair:6   | Reached skill level 8 in Spellcasting
 37867 | D:11     | Found an ancient bone altar of Kikubaaqudgha.
 38457 | D:12     | Reached XP level 12. HP: 58/58 MP: 21/25
 38764 | D:12     | Noticed Urug
 38770 | D:12     | Noticed Erolcha
 38829 | D:10     | Killed Maurice
 38830 | D:10     | Reached skill level 1 in Earth Magic
 38916 | D:7      | HP: 12/58 [two-headed ogre (25)]
 38918 | D:7      | Reached skill level 12 in Hexes
 38918 | D:7      | Reached skill level 3 in Transmutations
 39303 | D:8      | Killed RubberyChicken's ghost
 39425 | D:11     | Reached skill level 4 in Transmutations
 39425 | D:11     | Reached skill level 2 in Earth Magic
 39617 | D:12     | Killed Urug
 39672 | D:12     | You fall into a shaft and drop 3 floors!
 39672 | D:15     | Entered Level 15 of the Dungeon
 39763 | D:12     | Killed Erolcha
 39913 | D:12     | Reached skill level 13 in Hexes
 40069 | D:12     | Found a snail-covered altar of Cheibriados.
 40463 | D:12     | Learned a level 4 spell: Leda's Liquefaction
 40470 | D:12     | Learned a level 6 spell: Invisibility
 41914 | D:14     | Found a gate to the Vaults.
 41919 | D:14     | Reached skill level 9 in Spellcasting
 41993 | D:14     | Noticed Josephine
 42021 | D:14     | Found Iluidut's Antique Armour Shop.
 42028 | D:14     | Bought an embroidered scarf for 248 gold pieces
 42123 | D:14     | Identified a scroll of acquirement
 42124 | D:14     | Acquired the +7 rapier "Huing" {vorpal, rF+ Dex+4}
 42162 | D:14     | Noticed Louise
 42168 | D:14     | Killed Louise
 42169 | D:14     | Reached skill level 11 in Dodging
 42169 | D:14     | Reached skill level 14 in Hexes
 42797 | Orc:1    | Entered Level 1 of the Orcish Mines
 42983 | Orc:2    | Entered Level 2 of the Orcish Mines
 42985 | Orc:2    | Noticed an orc warlord
 42992 | Orc:2    | Killed an orc warlord
 43129 | Orc:2    | Gained mutation: You are weak. (Str -2) [mutagenic glow]
 43202 | Orc:2    | Found a gate leading to a gauntlet.
 43212 | Gauntlet | Entered a Gauntlet
 43212 | Gauntlet | Found a transporter.
 43217 | Gauntlet | Gained mutation: You are clumsy. (Dex -2) [Ru sacrifice]
 43217 | Gauntlet | Reached ****** piety under Ru
 43222 | Gauntlet | Found a transporter.
 43223 | Gauntlet | Found a transporter.
 43239 | Gauntlet | Found a transporter.
 43249 | Gauntlet | Found a transporter.
 43269 | Gauntlet | Found a transporter.
 43273 | Gauntlet | Found a transporter.
 43276 | Gauntlet | Found a transporter.
 43293 | Gauntlet | Found a transporter.
 43313 | Gauntlet | Found a transporter.
 43317 | Gauntlet | Found a transporter.
 43325 | Gauntlet | Found a transporter.
 43425 | Gauntlet | Lost mutation: You are weak. (Str -2) [potion of mutation]
 43425 | Gauntlet | Gained mutation: You expend magic power (3 MP) to
                  | strengthen your wands. [potion of mutation]
 43553 | Gauntlet | Found the +4 robe of Augmentation {Str+4 Int+4 Dex+4}
 43553 | Gauntlet | Identified the +7 trident "Qeahodom" {freeze, Int+2}
 43570 | Gauntlet | HP: 14/58 [minotaur (35)]
 43687 | Gauntlet | Reached skill level 10 in Spellcasting
 43698 | Gauntlet | Identified the +0 cloak of Salvation {Dex+6 Stlth+}
 43723 | Gauntlet | Identified the +10 shortbow "Ydanemp" {speed, rElec Will-
                  | Str+5}
 44174 | Orc:2    | Found a staircase to the Elven Halls.
 44233 | Orc:2    | Reached skill level 12 in Dodging
 44240 | Orc:2    | Reached XP level 13. HP: 61/61 MP: 21/28
 44461 | Orc:2    | Noticed Saint Roka
 44486 | Orc:2    | Gained mutation: You do not regenerate when monsters are
                  | visible. [a neqoxec]
 44488 | Orc:2    | Lost mutation: You expend magic power (3 MP) to strengthen
                  | your wands. [potion of mutation]
 44488 | Orc:2    | Gained mutation: Your muscles are strong. (Str +2) [potion
                  | of mutation]
 44488 | Orc:2    | Lost mutation: Your muscles are strong. (Str +2) [potion of
                  | mutation]
 44488 | Orc:2    | Gained mutation: You sometimes lose the ability to read
                  | scrolls when taking damage. [potion of mutation]
 44504 | Orc:2    | Killed Saint Roka
 44505 | Orc:2    | Reached skill level 15 in Hexes
 44508 | Orc:2    | Lost mutation: You do not regenerate when monsters are
                  | visible. [potion of mutation]
 44508 | Orc:2    | Lost mutation: You sometimes lose the ability to read
                  | scrolls when taking damage. [potion of mutation]
 44508 | Orc:2    | Gained mutation: Your muscles are strong. (Str +2) [potion
                  | of mutation]
 44511 | Orc:2    | Found Xufaro's Antique Weapon Shop.
 44517 | Orc:2    | Found Plog's Antique Armour Boutique.
 44623 | Orc:2    | Bought a brightly glowing troll leather armour for 700 gold
                  | pieces
 44623 | Orc:2    | Identified the +4 troll leather armour "Dex Ytou" {Regen+
                  | Int+4} (You bought it in a shop on level 2 of the Orcish
                  | Mines)
 45030 | Orc:2    | Found Senat's Jewellery Boutique.
 45135 | Orc:2    | Found Eghoemo's Assorted Antiques.
 45795 | D:15     | Reached skill level 5 in Fighting
 46015 | D:15     | Reached skill level 9 in Evocations
 46595 | D:15     | Noticed Nessos
 46595 | D:15     | Killed Nessos
 46596 | D:15     | Reached skill level 13 in Stealth
 46733 | D:15     | Reached skill level 1 in Translocations
 46790 | D:15     | Reached skill level 2 in Translocations
 46834 | D:15     | Found a staircase to the Depths.
 47097 | D:14     | Killed Josephine
 47152 | D:14     | Reached skill level 3 in Translocations
 47450 | D:13     | Reached skill level 10 in Evocations
 47721 | Lair:1   | Reached skill level 4 in Translocations
 47875 | Lair:4   | Found a viscous altar of Jiyva.
 47875 | Lair:4   | Noticed Aricsoirch's ghost (journeyman GrFi)
 47923 | Lair:4   | Killed Aricsoirch's ghost
 47924 | Lair:4   | Reached skill level 5 in Transmutations
 47931 | Lair:4   | Reached skill level 5 in Translocations
 47998 | Lair:4   | Learned a level 2 spell: Blink
 48228 | Orc:2    | Bought dazzling steam dragon scales for 1080 gold pieces
 48228 | Orc:2    | Identified the +1 steam dragon scales of Infinity {*Slow
                  | rElec rN+ Will+} (You bought it in a shop on level 2 of the
                  | Orcish Mines)
 48586 | Snake:1  | Entered Level 1 of the Snake Pit
 48592 | Snake:1  | Reached skill level 13 in Short Blades
 48592 | Snake:1  | Reached skill level 16 in Hexes
 48592 | Snake:1  | Reached skill level 6 in Translocations
 48592 | Snake:1  | Reached XP level 14. HP: 56/68 MP: 16/29
 48634 | Snake:1  | Noticed Asterion
 48709 | Snake:1  | You fall into a shaft and drop 1 floor!
 48843 | Snake:2  | Noticed Vashnia
 48870 | Snake:2  | HP: 1/68 [Vashnia/arrow (24)]
 48906 | Snake:2  | Shot with an arrow by Vashnia

Illustrated notes

Levels and vault maps discovered:
D:1:      scummos_arrival_forest, layout_rooms, serial_forest,
          infiniplex_forest_join, infiniplex_forest_3_way,
          infiniplex_forest_straight_4, infiniplex_forest_clump_double
D:2:      minmay_diamond_boxcup, layout_loops_ring
D:3:      layout_basic, uniq_natasha
D:4:      layout_basic, serial_rivers, chequers_serial_rivers_marsh,
          chequers_serial_rivers_micro_b, chequers_serial_rivers_micro_d,
          chequers_serial_rivers_marsh, chequers_serial_rivers_micro_b,
          chequers_serial_rivers_micro_e
D:5:      layout_cave_pools, minmay_temple_entry_slanted, serial_column_ruins,
          column_ruins_hut_water, column_ruins_grid_2, column_ruins_grid_1,
          column_ruins_open_small, column_ruins_open_medium, st_stairs_3,
          uniq_grinder
D:6:      layout_loops_cross, serial_park_tiny_1
D:7:      layout_cave_pods, chequers_temple_overflow_minitemple,
          grunt_ministairs_9, grunt_ogre_cave, uniq_pikel
D:8:      layout_rooms, gammafunk_ghost_grave, disabler_island
D:9:      cheibrodos_barr_body, layout_cave_pools, nzn_hepliaklqana_mist_gate,
          minmay_variable_closet
D:10:     layout_loops_ring, grunt_lair_entry_orc_guard_hut,
          small_statue_intersection, uniq_maurice
D:11:     layout_small_grid, kiku_gazebo_garden_becter
D:12:     layout_rooms, serial_glass, glass_columns_b, glass_columns_a,
          slow_altar_1, uniq_urug, uniq_erolcha
D:13:     layout_cave_pods, kennysheep_generic_room_8
D:14:     layout_roguey, david_vaults_1, serial_shops,
          nicolae_shop_competitors_out_of_business, uniq_josephine, uniq_louise
D:15:     gammafunk_enter_depths_forms, layout_stronghold, uniq_nessos
Temple:   eino_temple_scatter_basement
Lair:1:   layout_cave_pods, dpeg_stationary_puzzle, minmay_lair_oklob_chamber
Lair:2:   layout_cave_pods, basic_altar, special_room [special_room_bee],
          grunt_megastairs_5, uniq_harold
Lair:3:   layout_regular_city, minmay_snake_entry_six_corridors,
          lemuel_fruit_tree, infiniplex_staircase_pool
Lair:4:   layout_long_grid, elwin_shoals_entry_rocks, gammafunk_ghost_ooze,
          eino_house_with_fridge, uniq_rupert, uniq_snorg
Lair:5:   layout_concentric_octagons, cheibrodos_lair_reptile_den
Lair:6:   grunt_lair_end_beastmaster, layout_regular_city,
          nicolae_slime_entry_slimehenge
Snake:1:  layout_onion_interference, serial_bayou_shore_b, grunt_megastairs_3,
          uniq_aizul, uniq_asterion, uniq_roxanne
Snake:2:  layout_honeycomb, uniq_donald, uniq_nikola, uniq_vashnia
Orc:1:    layout_caves
Orc:2:    grunt_orc_community_town_hall, layout_diamond_mine,
          grunt_orc_community_big_house_1, grunt_orc_community_big_house_2,
          grunt_orc_community_house_1, grunt_orc_community_house_2,
          grunt_orc_community_house_1, grunt_orc_community_house_1,
          grunt_orc_community_house_3, gauntlet_entry_generic, uniq_saint_roka

Skill      XL: |  1  2  3  4  5  6  7  8  9 10 11 12 13 |
---------------+----------------------------------------+-----
Fighting       | 1 4 5 |  5.0
Stealth        | 2 3 4 5 6 10 12 13 | 13.6
Spellcasting   | 1 2 3 4 5 7 8 10 | 10.0
Short Blades   | 1 2 7 10 12 13 | 13.5
Ice Magic      | 1 2 |  2.1
Throwing       | 1 |  1.1
Slings         | 2 4 6 8 9 |  9.9
Dodging        | 4 5 10 8 9 12 | 12.0
Shields        | 2 4 0 5 |  0.0
Maces & Flails | 2 |  2.0
Hexes          | 8 10 11 14 16 | 16.0
Summonings     | 1 |  1.0
Necromancy     | 1 |  1.0
Evocations     | 6 8 10 | 10.0
Transmutations | 2 4 5 |  5.0
Earth Magic    | 2 |  2.0
Translocations | 6 |  6.0

Action                   |  1- 3 |  4- 6 |  7- 9 | 10-12 | 13-15 || total
-------------------------+-------+-------+-------+-------+-------++-------
Melee: Dagger            |    36 |       |   416 |   418 |       ||   870
       Short sword       |    88 |   201 |    29 |       |       ||   318
       Flail             |       |    21 |    35 |       |       ||    56
       Whip              |       |    10 |   169 |    65 |       ||   244
       Rapier            |       |       |       |  1074 |   300 ||  1374
 Fire: Hunting sling     |       |   112 |   495 |   383 |    62 ||  1052
Throw: Stone             |    53 |   148 |    10 |       |       ||   211
       Dart              |       |       |   105 |   359 |    11 ||   475
 Cast: Freeze            |    13 |    17 |     3 |       |     1 ||    34
       Confusing Touch   |       |       |    54 |   192 |    22 ||   268
       Animate Skeleton  |       |       |    16 |    43 |    11 ||    70
       Slow              |       |       |    14 |   111 |     1 ||   126
       Cause Fear        |       |       |       |     6 |     1 ||     7
       Passwall          |       |       |       |    27 |    26 ||    53
       Invisibility      |       |       |       |    11 |    18 ||    29
       Leda's Liquefacti |       |       |       |     1 |     1 ||     2
Invok: Sacrifice Durabil |       |       |     1 |       |       ||     1
       Sacrifice Experie |       |       |     1 |       |       ||     1
       Sacrifice a Hand  |       |       |     1 |       |       ||     1
       Apocalypse        |       |       |       |     2 |     1 ||     3
       Draw Out Power    |       |       |       |     1 |     1 ||     2
       Reject Sacrifices |       |       |       |     1 |       ||     1
       Power Leap        |       |       |       |     2 |     4 ||     6
       Sacrifice Purity  |       |       |       |     1 |       ||     1
Evoke: Wand              |    15 |     5 |    11 |    28 |    18 ||    77
       Piece from Xom's  |     2 |    24 |    14 |    26 |       ||    66
       Lightning rod     |       |       |       |     7 |     4 ||    11
       Condenser vane    |       |       |       |       |     3 ||     3
       Tin of tremorston |       |       |       |       |     1 ||     1
  Use: Scroll            |       |     6 |    10 |    10 |     3 ||    29
       Potion            |       |       |     3 |     4 |     2 ||     9
 Stab: Sleeping          |     7 |    10 |    10 |    41 |    47 ||   115
       Petrified         |       |    12 |    12 |     5 |       ||    29
       Confused          |       |     4 |    47 |   192 |    19 ||   262
       Paralysed         |       |     3 |       |     8 |     3 ||    14
       Invisible         |       |       |     1 |    40 |    56 ||    97
       Distracted        |       |       |     1 |    13 |     2 ||    16
Armor: Robe              |    10 |    18 |    41 |    91 |     4 ||   164
       Skin              |       |       |       |     9 |       ||     9
Dodge: Dodged            |   100 |   175 |   473 |   667 |   150 ||  1565
Block: Buckler           |       |     8 |   214 |    78 |       ||   300

Table legend: (Time is in decaauts)
 A = Elapsed time spent in this place.
 B = Non-inter-level travel time spent in this place.
 C = Inter-level travel time spent in this place.
 D = Time resting spent in this place.
 E = Time spent auto-exploring this place.
 F = Levels seen in this place.
 G = Mean time per level.
                   A        B        C        D        E       F      G
               +--------+--------+--------+--------+--------+-----+--------+
         Total |  37490 |  34797 |   2693 |  10500 |  13884 |  27 | 1388.5 |
       Dungeon |  24585 |  22823 |   1762 |   8763 |   7950 |  15 | 1639.0 |
        Temple |    388 |    363 |     25 |     48 |    161 |   1 |  388.0 |
          Lair |  10255 |   9503 |    752 |   1342 |   4914 |   6 | 1709.2 |
     Snake Pit |    251 |    246 |      5 |    110 |      0 |   2 |  125.5 |
  Orcish Mines |   1600 |   1453 |    147 |     84 |    774 |   2 |  800.0 |
      Gauntlet |    409 |    409 |      0 |    153 |     82 |   1 |  409.0 |
               +--------+--------+--------+--------+--------+-----+--------+

Top non-repeatable levels by time:
     D:2: 3016 daAuts
  Lair:6: 2752 daAuts
     D:4: 2716 daAuts
     D:1: 2284 daAuts
     D:7: 2188 daAuts
  Lair:2: 2094 daAuts
  Lair:5: 2010 daAuts
     D:3: 1940 daAuts
     D:6: 1864 daAuts
     D:8: 1775 daAuts
    D:10: 1715 daAuts
     D:9: 1696 daAuts
   Orc:2: 1302 daAuts
  Lair:3: 1300 daAuts
    D:13: 1094 daAuts

Table legend:
 A = Kills in this place as a percentage of kills in entire the game.
 B = Kills by you in this place as a percentage of kills by you in the entire game.
 C = Kills by friends in this place as a percentage of kills by friends in the entire game.
 D = Other kills in this place as a percentage of other kills in the entire game.
 E = Experience gained in this place as a percentage of experience gained in the entire game.
 F = Experience gained in this place divided by the number of levels of this place that you have seen.
                   A       B       C       D       E      F
               +-------+-------+-------+-------+-------+----------------------
         Total | 100.0 | 100.0 | 100.0 | 100.0 | 100.0 | 5978.9
       Dungeon |  49.3 |  49.3 |  47.6 |  50.0 |  44.4 | 4779.5
        Temple |   0.1 |   0.1 |   0.0 |   0.0 |   0.0 |  43.0
          Lair |  28.5 |  27.8 |  47.6 |  40.0 |  35.2 | 9482.3
     Snake Pit |   2.5 |   2.6 |   0.0 |   0.0 |   6.6 | 5356.5
  Orcish Mines |  18.0 |  18.5 |   4.8 |  10.0 |  11.5 | 9297.0
      Gauntlet |   1.5 |   1.6 |   0.0 |   0.0 |   2.2 | 3493.0
               +-------+-------+-------+-------+-------+----------------------
